 Dungeon Crawl Stone Soup version 0.23.2-33-g5129a83184 (webtiles) character file.

Game seed: 6343900299531100303

770 AarnesTheHuman the Skirmisher (level 7, -2/58 HPs)
             Began as a Barachi Fighter on Aug 6, 2019.
             Was an Initiate of Ashenzari.
             Slain by an orc warrior
             ... wielding a +0 flail
              (7 damage)
             ... on level 5 of the Dungeon.
             The game lasted 00:09:41 (4206 turns).

AarnesTheHuman the Skirmisher (Barachi Fighter)     Turns: 4206, Time: 00:09:42

Health: -2/58      AC: 13    Str: 24    XL:     7   Next: 83%
Magic:  7/7        EV:  8    Int:  9    God:    Ashenzari [......]
Gold:   181        SH: 11    Dex: 15    Spells: 6/6 levels left

rFire    . . .     SeeInvis +   a - +0 long sword
rCold    . . .     Gourm    .   c - +0 shield
rNeg     + + .     Faith    .   p - +6 scale mail of Seogri {*Contam rElec rN++} (curse)
rPois    .         Spirit   .   (no helmet)
rElec    +         Reflect  .   (no cloak)
rCorr    .         Harm     .   (no gloves)
MR       .....                  (no boots)
Stlth    ..........             (no amulet)
HPRegen  0.19/turn              j - +4 ring of dexterity
MPRegen  0.10/turn              n - ring of see invisible

@: mighty, slow
A: +LOS, swims, slowness 1, strong legs 1
a: Hop, Curse Item, Renounce Religion


You were on level 5 of the Dungeon.
You worshipped Ashenzari.
Ashenzari was noncommittal.
You were not hungry.

You visited 2 branches of the dungeon, and saw 7 of its levels.

You collected 227 gold pieces.
You spent 46 gold pieces at shops.

Inventory:

Hand Weapons
 a - a +0 long sword (weapon)
Armour
 c - a +0 shield (worn)
 p - the cursed +6 scale mail of Seogri (worn) {*Contam rElec rN++}
   (You found it on level 4 of the Dungeon)

   It insulates you from electricity.
   It greatly protects you from negative energy.
   It causes magical contamination when unequipped.
   It has a curse placed upon it.
Jewellery
 j - a +4 ring of dexterity (left hand)
 n - a ring of see invisible (right hand)
 s - an uncursed ring of fire
Scrolls
 e - a scroll of blinking
 g - a scroll of magic mapping
 i - 5 scrolls of identify
 l - a scroll of brand weapon {unknown}
 r - 2 scrolls of amnesia
 u - a scroll of immolation {unknown}
Potions
 b - a potion of agility {unknown}
 h - a potion of cancellation
 k - a potion of heal wounds {unknown}
 m - a potion of berserk rage {unknown}
 o - 3 potions of flight {unknown}
 q - a potion of curing {unknown}
 t - a potion of magic {unknown}
Comestibles
 f - 12 rations


   Skills:
 + Level 6.2 Fighting
 + Level 5.5 Long Blades
 + Level 6.1 Armour
 + Level 5.7 Shields


You had 6 spell levels left.
You didn't know any spells.
Your spell library was empty.

Dungeon Overview and Level Annotations

Branches:
Dungeon (6/15)             Temple (1/1) D:4

Altars:
Ashenzari
Dithmenos
Elyvilon
Fedhas
Gozag
Kikubaaqudgha
Nemelex Xobeh
Qazlal
Sif Muna
Uskayaw
Vehumet
Wu Jian
Zin

Shops:
D:5 *

Annotations:
D:3 1 runed translucent door, Crazy Yiuf
D:5 exclusion: statue


Innate Abilities, Weirdness & Mutations

Shadows flee at your approach. (+LOS)
You can swim through water.
You cover ground slowly.
You can hop short distances.


Message History

All of the chunks of flesh in your inventory have rotted away.
You barely miss the orc warrior.
The orc warrior is heavily wounded.
You block the orc warrior's attack.
You hit the orc warrior but do no damage.
The orc warrior is heavily wounded.
The orc warrior hits you with a +0 flail!
You closely miss the orc warrior.
The orc warrior is heavily wounded.
The orc warrior hits you with a +0 flail.
You hit the orc warrior but do no damage.
The orc warrior is heavily wounded.
The orc warrior hits you with a +0 flail!
* * * LOW HITPOINT WARNING * * *
You feel very mighty all of a sudden. You block the orc warrior's attack.
You slash the orc warrior!
The orc warrior is almost dead.
The orc warrior hits you with a +0 flail!
You die...

##.......(### ##.#
)..######## #..#
#### #.## # #.#
#.# ##.# #.#######
#.###...#
#@#.....##
##)o......##
#..........#
#..........## #
##...........# ##
##............#
.##
#.............##
..##
##..............#
...#
#...............##
###


You could see an orc warrior.

Vanquished Creatures
  2 sky beasts (D:5)
  A phantom (D:5)
  An ogre (D:5)
  2 hounds (D:4)
  A jelly (D:5)
  A bullfrog skeleton (D:5)
  3 iguanas (D:5)
  Jessica (D:3)
  6 adders
  A shadow imp (D:5)
  3 oozes
  An adder skeleton (D:4)
  6 worms
  4 dart slugs
  3 leopard geckos
  3 orcs (D:5)
  5 bats
  4 giant cockroaches
  6 goblins
  7 hobgoblins
  7 jackals (D:2)
  2 quokkas
  4 ball pythons
  7 frilled lizards
  9 kobolds
  A leopard gecko zombie (D:5)
  6 rats (D:3)
97 creatures vanquished.

Notes
Turn   | Place    | Note
-------+----------+-------------------------------------------
     0 | D:1      | AarnesTheHuman the Barachi Fighter began the quest for the
                  | Orb.
     0 | D:1      | Reached XP level 1. HP: 18/18 MP: 1/1
    57 | D:1      | Reached XP level 2. HP: 18/25 MP: 2/2
   414 | D:1      | Reached XP level 3. HP: 28/30 MP: 3/3
  1106 | D:2      | Reached XP level 4. HP: 36/37 MP: 4/4
  1347 | D:2      | You fall through a shaft!
  1676 | D:3      | Noticed Jessica
  1688 | D:3      | Killed Jessica
  1688 | D:3      | Reached XP level 5. HP: 27/43 MP: 5/5
  1884 | D:3      | Found a runed translucent door.
  1885 | D:3      | Noticed Crazy Yiuf
  2418 | D:4      | Got a warped scale mail
  2442 | D:3      | Identified the +6 scale mail of Seogri {*Contam rElec rN++}
                  | (You found it on level 4 of the Dungeon)
  2676 | D:4      | Reached skill level 5 in Fighting
  2676 | D:4      | Reached XP level 6. HP: 51/51 MP: 6/6
  2696 | D:4      | Found a staircase to the Ecumenical Temple.
  2717 | Temple   | Entered the Ecumenical Temple
  2777 | Temple   | Became a worshipper of Ashenzari the Shackled
  3005 | D:4      | Reached skill level 5 in Armour
  3186 | D:5      | Entered Level 5 of the Dungeon
  3316 | D:5      | Noticed a sky beast
  3328 | D:5      | Killed a sky beast
  3328 | D:5      | Reached skill level 5 in Shields
  3328 | D:5      | Reached XP level 7. HP: 46/56 MP: 7/7
  3488 | D:5      | Reached skill level 5 in Long Blades
  3666 | D:5      | Found a radiant altar of Vehumet.
  3988 | D:5      | Found Heish's Assorted Antiques.
  3997 | D:5      | Bought a scroll labeled DIRODD NURCHAGI for 23 gold pieces
  3997 | D:5      | Bought a scroll labeled DEDIXY UPNYTTUNN for 23 gold pieces
  4206 | D:5      | Slain by an orc warrior

Skill      XL: |  1  2  3  4  5  6  7 |
---------------+----------------------+-----
Fighting       | 4 5 6 |  6.2
Armour         | 4 5 6 |  6.1
Long Blades    | 3 4 5 |  5.5
Shields        | 4 5 |  5.7

Action                   |  1- 3 |  4- 6 |  7- 9 || total
-------------------------+-------+-------+-------++-------
Melee: Long sword        |   124 |   197 |   111 ||   432
Invok: Curse Item        |       |     1 |       ||     1
  Use: Scroll            |       |     7 |       ||     7
       Potion            |       |       |     1 ||     1
  Eat: Chunk             |     1 |     6 |     3 ||    10
       Ration            |       |     1 |       ||     1
Armor: Scale mail        |    53 |    68 |    42 ||   163
Dodge: Dodged            |    33 |    56 |    18 ||   107
Block: Shield            |    55 |    91 |    44 ||   190
       Rpst.: Long sword |     8 |    12 |     6 ||    26
